cohdb
Replays
Latest Replays
All Replays
Popular Replays
Top Player Replays
Match Explorer
How It Works
Community
CoH3 Stats
Reddit
Sign in to upload your games and track your stats! →
Sign in with Steam
Match 42397729
Unlisted
Match 42397729
Overview
Messages
Build Orders
End
Scout Squad
Construct Barracks
1⁄4-ton 4x4 Truck
Selects Heavy Weapons
Riflemen Squad
M1 Mortar Team
Construct Weapon Support Center
Selects M2HB .50cal Heavy Machine Gun
Riflemen Squad
Infantry Support Center
Riflemen Squad
M1918 Browning Automatic Rifles
M3 Armored Personnel Carrier
Selects Assault Carriers
Selects Exchangeable Parts
Construct Motor Pool
Grenade Package
M1 Anti-tank Gun Team
M24 Chaffee Light Tank
Selects Rapid Reposition
Riflemen Squad
Engineer Squad
Scooter
Nath88bk
Andreuz
wpedsa
Karline🥰❤️🖤💔
jigsaw
TY
rafikos
0
0
Comments
sign in to comment!
No comments posted yet!